 Dungeon Crawl Stone Soup version 0.30-a0-576-g89cddaab80 (webtiles) character file.

Game seed: 6318109223613524985

98 HoaS the Shooter (level 4, -3/26 HPs)
             Began as a Tengu Hunter on Dec 29, 2022.
             Slain by Crazy Yiuf
             ... wielding a +3 quarterstaff of chaos
              (14 damage)
             ... on level 2 of the Dungeon on Dec 30, 2022.
             The game lasted 00:05:26 (2333 turns).

HoaS the Shooter (Tengu Hunter)                     Turns: 2333, Time: 00:05:27

Health: -3/26      AC:  6    Str: 18    XL:     4   Next: 69%
Magic:  5/5        EV: 12    Int:  9    God:
Gold:   270        SH:  0    Dex: 19    Spells: 3/3 levels left

rFire   . . .      SeeInvis .    a - +1 shortbow
rCold   . . .      Faith    .    (shield currently unavailable)
rNeg    . . .      Spirit   .    c - +1 leather armour
rPois   .          Reflect  .    j - +1 hat
rElec   .          Harm     .    m - +0 cloak
rCorr   .          Rampage  .    (no gloves)
Will    .....                    (boots unavailable)
Stlth   ++                       (no amulet)
HPRegen 0.24/turn                f - +6 ring of strength
MPRegen 0.09/turn                (no ring)

@: lethally poisoned (-3 -> -17), hasted, very quick
A: beak, talons 3
a: no special abilities


You were on level 2 of the Dungeon.
You visited 1 branch of the dungeon, and saw 3 of its levels.

You collected 270 gold pieces.

Inventory:

Hand Weapons
 a - a +1 shortbow (weapon)
Armour
 c - a +1 leather armour (worn)
 j - a +1 hat (worn)
 m - a +0 cloak (worn)
Jewellery
 f - a +6 ring of strength (left hand)
Scrolls
 b - a scroll of immolation
 h - a scroll of teleportation
 k - a scroll of noise {unknown}
 l - 2 scrolls of fear {unknown}
 n - 2 scrolls of magic mapping {unknown}
Potions
 d - a potion of curing
 g - 2 potions of flight
 i - 2 potions of ambrosia {unknown}


   Skills:
 - Level 2.0 Fighting
 + Level 6.5 Ranged Weapons
 - Level 2.1 Dodging
 - Level 1.0 Stealth


You had 3 spell levels left.
You didn't know any spells.
Your spell library contained the following spells:

 Spells                   Type           Power      Damage    Failure   Level
 Shock                    Conj/Air       0%         1d3       43%         1
 Blink                    Tloc           0%         N/A       58%         2
 Momentum Strike          Conj/Tloc      0%         3d8       58%         2
 Lesser Beckoning         Tloc           0%         N/A       82%         3
 Swiftness                Air            0%         N/A       82%         3
 Airstrike                Air            0%         2d(0-16)  99%         4


Dungeon Overview and Level Annotations

Branches:
Dungeon (3/15)

Altars:
Fedhas
Xom
Yredelemnul

Annotations:
D:2 Crazy Yiuf


Innate Abilities, Weirdness & Mutations

You have a beak for a mouth.
You have claws for feet.


Message History

You shoot an arrow. The arrow hits the goblin.
You kill the goblin!
You now have 244 gold pieces (gained 11).
You now have 262 gold pieces (gained 18).
You now have 270 gold pieces (gained 8).
Things that are here:
a +0 hand axe; an orc skeleton
n - 2 scrolls labelled VOILED XAIKA A quokka comes into view.
You shoot an arrow. The arrow hits the quokka!
You kill the quokka!
There is a stone staircase leading down here.
You see here a frilled lizard skeleton.
There is a stone staircase leading down here.
Found a stone staircase leading up.
Done exploring.
Done exploring.
Done exploring.
(D) Dungeon
Where to? (? - help)
There is a stone staircase leading up here.
You climb upwards.
Level annotation: 1 runed translucent door, Crazy Yiuf
There is a stone staircase leading down here.
You see here 6 stones.
You feel yourself speed up.
You open the door. You shoot an arrow.
The arrow hits Crazy Yiuf but does no damage.
Crazy Yiuf barely misses you.
You shoot an arrow. The arrow closely misses Crazy Yiuf.
You shoot an arrow. The arrow barely misses Crazy Yiuf.
Crazy Yiuf hits you with a +3 quarterstaff of chaos!
You are lethally poisoned!
You shoot an arrow. The arrow hits Crazy Yiuf.
Crazy Yiuf is lightly wounded.
You feel very sick.
Crazy Yiuf hits you with a +3 quarterstaff of chaos!
Ouch! That really hurt!
You die...

##.#.#####
#.......##
#†#.###.##
#####
#.#.###.##
#)..#
#.#..##.##
#...#
#.##.##.##
...
#.##.##.##
#g#
#.......##
♣@♣♣
####.####.
########
♣♣.♣
######.#..†.
#......#
♣.♣♣
#...##.#...[
#......#
♣♣.♣
#.#.##.)>...
#......#
♣♣.♣♣
##..........
#......#
♣♣...♣
##...#.....
#......#
♣....♣
##..#.#.####
#......#
##..##
#.#)#.#.#
###...<..#
#....#
#...#.#.#


You could see Crazy Yiuf.

Vanquished Creatures
  Jessica (D:2)
  A gnoll (D:2)
  A dart slug (D:3)
  2 orcs (D:3)
  2 bats
  4 endoplasms
  3 giant cockroaches
  6 hobgoblins
  4 jackals (D:2)
  3 quokkas
  6 ball pythons
  3 frilled lizards
  4 goblins
  4 kobolds
  9 rats
53 creatures vanquished.

Notes
Turn   | Place    | Note
-------+----------+-------------------------------------------
     0 | D:1      | HoaS the Tengu Hunter began the quest for the Orb.
     0 | D:1      | Reached XP level 1. HP: 12/12 MP: 2/2
   112 | D:1      | Reached XP level 2. HP: 15/17 MP: 3/3
   211 | D:1      | Reached skill level 5 in Ranged Weapons
   527 | D:1      | Found a faded altar of an unknown god.
   833 | D:2      | Reached XP level 3. HP: 21/21 MP: 4/4
   998 | D:2      | Noticed Jessica
  1002 | D:2      | Killed Jessica
  1003 | D:2      | Reached skill level 6 in Ranged Weapons
  1003 | D:2      | Reached XP level 4. HP: 26/26 MP: 5/5
  1124 | D:2      | Upgraded the game from 0.30-a0-570-g486de37d69 to
                  | 0.30-a0-576-g89cddaab80
  1460 | D:2      | Found a runed translucent door.
  1461 | D:2      | Noticed Crazy Yiuf
  1870 | D:3      | Found a basalt altar of Yredelemnul.
  1873 | D:3      | Found a shimmering altar of Xom.
  1876 | D:3      | Found a blossoming altar of Fedhas.
  2333 | D:2      | Slain by Crazy Yiuf

Illustrated notes

Levels and vault maps discovered:
D:1:      lightli_arrival_farm, layout_rooms,
          hellmonk_ecumenical_altar_crossroads, grunt_decor_fettered,
          grunt_decor_mini_mirrors, serial_bayou_pond_e
D:2:      layout_loops_cross, minmay_box_of_dots, uniq_jessica,
          uniq_crazy_yiuf_cottage
D:3:      layout_basic, minitemple, chequers_serial_rivers_micro_e

Skill      XL: |  1  2  3 |
---------------+----------+-----
Ranged Weapons | 5 6 |  6.5
Fighting       | |  2.0
Dodging        | |  2.1
Stealth        | |  1.0

Action                   |  1- 3 |  4- 6 || total
-------------------------+-------+-------++-------
 Fire: Shortbow          |    91 |    42 ||   133
  Use: Scroll            |     6 |     3 ||     9
       Potion            |       |     1 ||     1
Armor: Leather armour    |     7 |     2 ||     9
Dodge: Dodged            |    15 |     7 ||    22

Table legend: (Time is in decaauts)
 A = Elapsed time spent in this place.
 B = Non-inter-level travel time spent in this place.
 C = Inter-level travel time spent in this place.
 D = Time resting spent in this place.
 E = Time spent auto-exploring this place.
 F = Levels seen in this place.
 G = Mean time per level.
                   A        B        C        D        E       F      G
               +--------+--------+--------+--------+--------+-----+--------+
         Total |   2393 |   2239 |    154 |    152 |   1774 |   3 |  797.7 |
       Dungeon |   2393 |   2239 |    154 |    152 |   1774 |   3 |  797.7 |
               +--------+--------+--------+--------+--------+-----+--------+

Top non-repeatable levels by time:
     D:2: 1004 daAuts
     D:1: 763 daAuts
     D:3: 625 daAuts
